 Dungeon Crawl Stone Soup version 0.28.0-49-g6dfe1f597d (webtiles) character file.

Game seed: 1624515654823114408

8 thatshaggymatt the Skirmisher (level 2, -3/24 HPs)
             Began as a Demonspawn Berserker on May 19, 2022.
             Was a Follower of Trog.
             Slain by a gnoll
             ... wielding a +0 club
              (6 damage)
             ... on level 1 of the Dungeon.
             The game lasted 00:00:37 (65 turns).

thatshaggymatt the Skirmisher (Demonspawn Berserker)  Turns: 65, Time: 00:00:38

Health: -3/24      AC:  2    Str: 17    XL:     2   Next: 0%
Magic:  2/2        EV: 12    Int:  8    God:    Trog [*.....]
Gold:   0          SH:  0    Dex: 12    Spells: 1/1 levels left

rFire   . . .      SeeInvis .   a - +0 mace
rCold   . . .      Faith    .   (no shield)
rNeg    . . .      Spirit   .   b - +0 animal skin
rPois   .          Reflect  .   (no helmet)
rElec   .          Harm     .   (no cloak)
rCorr   .          Rampage  .   (no gloves)
Will    .....                   (no boots)
Stlth   +.........              (no amulet)
HPRegen 0.08/turn               (no ring)
MPRegen 0.08/turn               (no ring)

@: no status effects
A: foul stench 1
a: Renounce Religion, Berserk


You were on level 1 of the Dungeon.
You worshipped Trog.
Trog was aware of your devotion.
You visited 1 branch of the dungeon, and saw 1 of its levels.

Inventory:

Hand Weapons
 a - a +0 mace (weapon)
Armour
 b - a +0 animal skin (worn)
Scrolls
 c - a scroll of blinking {unknown}
 e - a scroll of torment {unknown}
Potions
 d - a potion of might {unknown}


   Skills:
 + Level 3.2 Fighting
 + Level 2.9 Maces & Flails
 + Level 1.8 Armour
 + Level 1.9 Dodging


You had one spell level left.
You didn't know any spells.
Your spell library was empty.

Dungeon Overview and Level Annotations

Branches:
Dungeon (1/15)

Altars:


Innate Abilities, Weirdness & Mutations

You may rarely emit foul miasma when damaged in melee.


Message History

You see here a bat corpse.
Unknown command.
A ball python comes into view.
The ball python hisses angrily.
A giant cockroach comes into view.
The ball python bites you but does no damage.
The ball python grabs you. The ball python constricts you.
You closely miss the ball python. The ball python bites you.
The ball python constricts you. The ball python barely misses you.
The ball python constricts you.
You hit the ball python.
You kill the ball python!
Trog accepts your kill.
You hit the giant cockroach.
You kill the giant cockroach!
Trog accepts your kill.
You have reached level 2!
Your demonic ancestry asserts itself...
You begin to emit a foul stench of rot and decay.
Things that are here:
a giant cockroach corpse; a ball python corpse A gnoll comes into view.
It is wielding a +0 club.
The gnoll shouts!
You see here a scroll labelled VOG JAUWYAF.
e - a scroll labelled VOG JAUWYAF You hit the gnoll.
The gnoll is heavily wounded.
The gnoll hits you with a +0 club.
You barely miss the gnoll.
The gnoll is heavily wounded.
The gnoll barely misses you.
You hit the gnoll.
The gnoll is heavily wounded.
The gnoll hits you with a +0 club.
* * * LOW HITPOINT WARNING * * *
The gnoll closely misses you.
You barely miss the gnoll.
The gnoll is heavily wounded.
The gnoll hits you with a +0 club.
You die...

#.# #.# #.# .# ##
#.##.. ..####..# #.#
..###.......#. #.#
#..#..........
######g####............
#.....@..# #...........
#........###...........
#.........†......)....⌠
#.........###..........
#........## #†.........
#........# #..........
#.....P.P. #.........⌠
##.#.P≈≈≈P#............
#..♣≈.≈≈≈..#######....


You could see a gnoll.

Vanquished Creatures
  A dart slug (D:1)
  An endoplasm (D:1)
  A giant cockroach (D:1)
  A goblin (D:1)
  A ball python (D:1)
  A bat (D:1)
6 creatures vanquished.

Notes
Turn   | Place    | Note
-------+----------+-------------------------------------------
     0 | D:1      | thatshaggymatt the Demonspawn Berserker began the quest for
                  | the Orb.
     0 | D:1      | Reached XP level 1. HP: 18/18 MP: 1/1
    55 | D:1      | Gained mutation: You may rarely emit foul miasma when
                  | damaged in melee. [demonic ancestry]
    55 | D:1      | Reached XP level 2. HP: 13/24 MP: 2/2
    65 | D:1      | Slain by a gnoll

Illustrated notes

Levels and vault maps discovered:
D:1:      wander_arrival_desolate, layout_rooms, serial_shops,
          nicolae_lakefront_shop, serial_bayou, serial_bayou_pond_c,
          serial_bayou_pond_b, serial_bayou_shore_b, serial_bayou_lagoon_a

Action                   || total
-------------------------++-------
Melee: Mace              ||    15
Armor: Animal skin       ||     2
Dodge: Dodged            ||     8
